 Dungeon Crawl Stone Soup version 0.28.0-49-g6dfe1f597d (webtiles) character file.

Game seed: 4894735236976237865

3630 nickcage the Tainter (level 9, 0/57 (62) HPs)
             Began as a Green Draconian Venom Mage on May 17, 2022.
             Was an Initiate of Vehumet.
             Shot with a sling bullet by Joseph (6 damage)
             ... on level 8 of the Dungeon.
             The game lasted 00:47:39 (12233 turns).

nickcage the Tainter (Green Draconian Venom Mage)  Turns: 12233, Time: 00:47:40

HP:   0/57 (62)     AC: 12    Str: 11    XL:     9   Next: 87%
MP:   17/19         EV: 12    Int: 20    God:    Vehumet [......]
Gold: 607           SH:  0    Dex: 11    Spells: 11/21 levels left

rFire   + . .      SeeInvis .   j - +4 scimitar
rCold   + + .      Faith    .   (no shield)
rNeg    . . .      Spirit   .   (armour unavailable)
rPois   +          Reflect  .   (helmet restricted)
rElec   +          Harm     .   a - +0 cloak
rCorr   +          Rampage  .   w - +0 pair of gloves
Will    .....                   u - +2 pair of boots {Fly}
Stlth   ++........              (no amulet)
HPRegen 0.19/turn               o - ring of protection from cold
MPRegen 0.16/turn               (no ring)

@: resistant, attractive, flying, drained, invisible
A: breathe noxious fumes, AC +7, unfitting armour, poison resistance,
cold-blooded
a: Breathe Noxious Fumes, Renounce Religion


You were on level 8 of the Dungeon.
You worshipped Vehumet.
Vehumet was noncommittal.
You visited 2 branches of the dungeon, and saw 9 of its levels.

You collected 607 gold pieces.

Inventory:

Hand Weapons
 c - a +0 dagger
 j - a +4 scimitar (weapon)
 n - a +1 war axe
Armour
 a - a +0 cloak (worn)
 e - a +0 pair of boots
 u - a +2 pair of boots of flying (worn)
 w - a +0 pair of gloves (worn)
Jewellery
 o - a ring of protection from cold (left hand)
Wands
 v - a wand of iceblast (11)
Scrolls
 i - 2 scrolls of identify
 l - 4 scrolls of enchant weapon
 m - a scroll of silence
Potions
 b - 2 potions of might
 d - a potion of degeneration {unknown}
 f - a potion of haste {unknown}
 g - a potion of curing {unknown}
 h - 4 potions of brilliance
 k - a potion of attraction
 p - a potion of invisibility
 q - a potion of lignification {unknown}
 s - 2 potions of resistance


   Skills:
 - Level 1.7 Dodging
 - Level 1.7 Stealth
 * Level 6.7 Spellcasting
 + Level 4.0 Conjurations
 - Level 1.0 Transmutations
 - Level 4.2 Air Magic
 + Level 13.1 Poison Magic


You had 11 spell levels left.
You knew the following spells:

 Your Spells              Type           Power      Damage    Failure   Level
a - Sting                 Tmut/Pois      100%       1d8       1%          1
b - Poisonous Vapours     Pois/Air       82%        N/A       1%          2
c - Mephitic Cloud        Conj/Pois/Air  35%        N/A       1%          3
d - Olgreb's Toxic Radia  Pois           56%        N/A       1%          4

Your spell library contained the following spells:

 Spells                   Type           Power      Damage    Failure   Level
 Animate Dead             Necr           3%         N/A       67%         4
 Borgnjor's Vile Clutch   Necr/Erth      3%         N/A       95%         5
 Death Channel            Necr           3%         N/A       100%        6
 Borgnjor's Revivificati  Necr           3%         N/A       100%        8
 Necromutation            Tmut/Necr      4%         N/A       100%        8
 Death's Door             Necr           3%         N/A       100%        9


Dungeon Overview and Level Annotations

Branches:
Dungeon (8/15)             Temple (1/1) D:6
   Lair: D:8-11

Altars:
Ashenzari
Cheibriados
Dithmenos
Fedhas
Gozag
Hepliaklqana
Kikubaaqudgha
Makhleb
Nemelex Xobeh
Okawaru
Qazlal
Ru
Sif Muna
Trog
Uskayaw
Vehumet
Wu Jian
Xom
Yredelemnul
Zin
The Shining One

Shops:
D:7 *

Annotations:
D:8 Joseph


Innate Abilities, Weirdness & Mutations

You can breathe blasts of noxious fumes.
Your lurid green scales are hard. (AC +7)
You cannot fit into any form of body armour.
Your system is resistant to poisons. (rPois)
You are cold-blooded and may be slowed by cold attacks.


Message History

The water moccasin is heavily wounded.
The water moccasin bites you. The water moccasin bites you!
* * * LOW HITPOINT WARNING * * *
It was a potion of resistance.
You feel protected.
The water moccasin bites you but does no damage.
Okay, then.
Casting: Sting (safe; 1% risk of failure)
Confirm with . or Enter, or press ? or * to list all spells.
You begin to radiate toxic energy.
The water moccasin bites you but does no damage. x2
It was a potion of attraction.
You feel attractive to monsters.
Your toxic aura wanes.
The water moccasin barely misses you.
It was a potion of invisibility.
You fade into invisibility!
The water moccasin misses you.
Joseph shoots a sling bullet.
The sling bullet barely misses the water moccasin.
The sling bullet closely misses you.
The water moccasin bites you but does no damage.
Joseph shoots a sling bullet.
The sling bullet hits the water moccasin.
Joseph is attracted toward you.
Joseph says, "I've waited for this moment for such a long time."
Joseph is attracted toward you. The water moccasin barely misses you.
Joseph shoots a sling bullet.
The sling bullet hits the water moccasin!
The water moccasin dies!
Joseph is attracted toward you.
Joseph shoots a sling bullet.
The sling bullet closely misses you. Joseph is attracted toward you.
Joseph shoots a sling bullet.
The sling bullet hits you!
* * * LOW HITPOINT WARNING * * *
Joseph is attracted toward you.
Joseph shoots a sling bullet.
The sling bullet closely misses you. Joseph is attracted toward you.
A wyvern comes into view.
Joseph shoots a sling bullet.
The sling bullet hits you.
You die...

### ##### #.# #.#.# ###
#####.#######.#.#######.....
#.†...........#.............
#.###......@..#.#######.####
####.###########@#.######
...#§#....................
...............................!
............................./.#
...............................#
............................@..#
...............................#.
.....................?...........
...............................#


You could see Joseph.

Vanquished Creatures
  Prince Ribbit (D:6)
  Sigmund (D:6)
  A wyvern (D:8)
  2 steam dragons
  Edmund (D:6)
  A water moccasin (D:7)
  2 orc warriors
  2 sky beasts
  A black bear (D:5)
  3 necrophages (D:5)
  2 ogres
  A centaur (D:8)
  A kobold brigand (D:4)
  2 bullfrogs
  2 wyvern zombies
  A scorpion (D:6)
  4 wights
  A howler monkey (D:8)
  A centaur skeleton (D:7)
  6 orc priests
  2 hounds
  4 jellies
  A bullfrog skeleton (D:7)
  4 iguanas
  3 orc wizards
  A hound skeleton (D:4)
  A howler monkey zombie (D:7)
  16 gnolls
  6 adders
  A shadow imp (D:5)
  3 ufetubi
  5 dart slugs
  2 worms (D:2)
  14 orcs
  6 ball pythons
  5 bats
  10 endoplasms
  3 giant cockroaches
  7 goblins
  9 hobgoblins
  7 jackals
  48 kobolds
  3 quokkas
  3 frilled lizards
  7 rats
207 creatures vanquished.

Vanquished Creatures (others)
  A water moccasin (D:8)
  An orc wizard (D:3)
  6 fungi
  18 plants
  2 toadstools (D:4)
  9 withered plants (D:2)
37 creatures vanquished.

Grand Total: 244 creatures vanquished

Notes
Turn   | Place    | Note
-------+----------+-------------------------------------------
     0 | D:1      | nickcage the Draconian Venom Mage began the quest for the
                  | Orb.
     0 | D:1      | Reached XP level 1. HP: 14/14 MP: 3/3
   317 | D:1      | Reached XP level 2. HP: 16/20 MP: 0/5
   321 | D:1      | Learned a level 2 spell: Poisonous Vapours
   876 | D:1      | Reached skill level 4 in Poison Magic
  1294 | D:1      | Reached XP level 3. HP: 26/26 MP: 4/6
  1298 | D:1      | Learned a level 3 spell: Mephitic Cloud
  1964 | D:2      | Reached skill level 1 in Air Magic
  2832 | D:3      | Reached XP level 4. HP: 30/33 MP: 3/7
  3005 | D:3      | Reached skill level 5 in Poison Magic
  3005 | D:3      | Reached XP level 5. HP: 17/38 MP: 0/9
  3012 | D:3      | Learned a level 4 spell: Olgreb's Toxic Radiance
  4395 | D:4      | Reached skill level 1 in Conjurations
  4395 | D:4      | Reached XP level 6. HP: 11/45 MP: 0/11
  5214 | D:5      | Entered Level 5 of the Dungeon
  5239 | D:5      | Reached skill level 6 in Poison Magic
  5666 | D:5      | Your scales start taking on a lurid green colour.
  5666 | D:5      | Reached skill level 7 in Poison Magic
  5666 | D:5      | Reached XP level 7. HP: 50/50 MP: 12/12
  5666 | D:5      | Gained mutation: Your system is resistant to poisons.
                  | (rPois) [Green Draconian growth]
  5987 | D:5      | Reached skill level 8 in Poison Magic
  6359 | D:5      | Reached skill level 9 in Poison Magic
  6429 | D:5      | Reached skill level 5 in Spellcasting
  6429 | D:5      | Reached XP level 8. HP: 43/57 MP: 15/15
  6921 | D:5      | Found a stormy altar of Qazlal.
  7554 | D:2      | Found a faded altar of an unknown god.
  7995 | D:6      | Noticed Edmund
  8006 | D:6      | Killed Edmund
  8007 | D:6      | Reached skill level 10 in Poison Magic
  8051 | D:6      | Noticed Sigmund
  8061 | D:6      | Killed Sigmund
  8514 | D:6      | Found a staircase to the Ecumenical Temple.
  8524 | Temple   | Entered the Ecumenical Temple
  8654 | Temple   | Became a worshipper of Vehumet
  9171 | D:6      | Reached skill level 11 in Poison Magic
  9420 | D:6      | Reached XP level 9. HP: 61/62 MP: 6/16
  9753 | D:6      | Noticed Prince Ribbit
  9760 | D:6      | Killed Prince Ribbit
 10347 | D:7      | Reached skill level 12 in Poison Magic
 10724 | D:7      | Found Paibus's Gadget Gallery.
 11559 | D:8      | Noticed Joseph
 11842 | D:8      | Reached skill level 13 in Poison Magic
 12233 | D:8      | Shot with a sling bullet by Joseph

Illustrated notes

Levels and vault maps discovered:
D:1:      dpeg_arrival_refuge, layout_loops_ring
D:2:      minmay_spotlight, layout_basic, shapermc_ecumenical_altar_flowoftime,
          grunt_ministairs_14
D:3:      layout_loops_cross
D:4:      layout_loops_cross, minmay_gold_behind_fungi, minmay_distorted
D:5:      minmay_goblin_kobold_castle, layout_gridville, general_overflow_altar
D:6:      layout_gridville, minmay_temple_entry_crystal_x, uniq_sigmund,
          uniq_prince_ribbit1, uniq_edmund
D:7:      layout_basic, nicolae_shop_gadgets
D:8:      layout_basic, minmay_lair_entry_grove, uniq_joseph
Temple:   mainiacjoe_temple_big_plus

Skill      XL: |  1  2  3  4  5  6  7  8  9 |
---------------+----------------------------+-----
Poison Magic   | 4 5 7 9 11 13 | 13.1
Air Magic      | 1 2 3 4 |  4.2
Spellcasting   | 3 5 6 |  6.7
Conjurations   | 1 2 3 4 |  4.0
Dodging        | |  1.7
Stealth        | |  1.7
Transmutations | |  1.0

Action                   |  1- 3 |  4- 6 |  7- 9 || total
-------------------------+-------+-------+-------++-------
Melee: Dagger            |    43 |    15 |       ||    58
       Tailslap          |     5 |     5 |    38 ||    48
       Punch             |     1 |     1 |     3 ||     5
       War axe           |       |    32 |   246 ||   278
       Scimitar          |       |       |     6 ||     6
 Cast: Sting             |    80 |    88 |   115 ||   283
       Poisonous Vapours |     9 |     9 |    36 ||    54
       Olgreb's Toxic Ra |       |       |    10 ||    10
       Mephitic Cloud    |       |       |     1 ||     1
 Abil: Breathe Noxious F |       |       |    22 ||    22
  Use: Scroll            |       |     5 |     7 ||    12
       Potion            |       |     1 |     3 ||     4
 Stab: Confused          |       |       |     3 ||     3
Armor: Skin              |    20 |    24 |   130 ||   174
Dodge: Dodged            |    47 |    56 |   220 ||   323
